 Dungeon Crawl Stone Soup version 0.18-a0-1292-ge8ad84c (webtiles) character file.

112 Ace the Chiller (level 4, 0/24 HPs)
             Began as a Deep Elf Ice Elementalist on Feb 9, 2016.
             Was an Initiate of Sif Muna.
             Slain by SuperBee's ghost (5 damage)
             ... on level 3 of the Dungeon.
             The game lasted 00:04:29 (2545 turns).

Ace the Chiller (Deep Elf Ice Elementalist)         Turns: 2545, Time: 00:04:29

Health: 0/24       AC:  2    Str:  6    XL:     4   Next: 64%
Magic:  3/12       EV: 13    Int: 20    God:    Sif Muna [......]
Gold:   162        SH:  0    Dex: 15    Spells: 3 memorised, 4 levels left

rFire  . . .     SeeInvis .     (no weapon)
rCold  . . .     Gourm    .     a - +0 robe
rNeg   . . .     Faith    .     (no shield)
rPois  .         Spirit   .     (no helmet)
rElec  .         Dismiss  .     (no cloak)
rCorr  .         Reflect  .     (no gloves)
SustAt .         Harm     .     (no boots)
MR     .....                    (no amulet)
Stlth  ++........               (no ring)
                                (no ring)

@: very slightly contaminated, not resistant to hostile enchantments, unstealthy
A: no striking features
a: Renounce Religion


You were on level 3 of the Dungeon.
You worshipped Sif Muna.
Sif Muna was noncommittal.
You were not hungry.

You visited 1 branch of the dungeon, and saw 3 of its levels.

You collected 162 gold pieces.

Inventory:

Armour
 a - a +0 robe (worn)
Jewellery
 q - a cursed amulet of inaccuracy {unknown}
Wands
 i - a wand of lightning (10/15)
Scrolls
 e - 4 scrolls of identify {unknown}
 f - a scroll of enchant weapon {unknown}
 g - a scroll of random uselessness {unknown}
 j - 2 scrolls of fog {unknown}
 k - 3 scrolls of remove curse {unknown}
 m - a scroll of recharging {unknown}
 p - a scroll of enchant armour {unknown}
 s - a scroll of teleportation {unknown}
Potions
 d - a potion of might {unknown}
 l - a potion of brilliance {unknown}
 n - 2 potions of cancellation {unknown}
 o - a potion of invisibility {unknown}
 r - a potion of curing {unknown}
Books
 b - a book of Frost

   Spells                             Type                      Level
   a - Freeze                         Ice                          1
   b - Throw Frost                    Conjuration/Ice              2
   c - Ozocubu's Armour               Charms/Ice                   3
   d - Throw Icicle                   Conjuration/Ice              4
   e - Summon Ice Beast               Ice/Summoning                4
Comestibles
 c - 2 bread rations
 h - a meat ration


   Skills:
 - Level 2.7 Dodging
 - Level 2.6 Stealth
 + Level 4.2 Spellcasting
 + Level 2.5 Conjurations
 + Level 4.5 Ice Magic


You had 4 spell levels left.
You knew the following spells:

 Your Spells              Type           Power        Failure   Level  Hunger
a - Freeze                Ice            ###.         1%          1    None
b - Throw Frost           Conj/Ice       ###...       4%          2    #......
c - Throw Icicle          Conj/Ice       ###.....     30%         4    ####...


Dungeon Overview and Level Annotations

Branches:
Dungeon (3/15)

Altars:
Okawaru
Ru
Sif Muna

Annotations:
D:3 SuperBee's ghost, amateur HaAs


Message History

SuperBee's ghost is heavily damaged.
SuperBee's ghost barely misses you.
Casting: Freeze
Confirm with . or Enter, or press ? or * to list all spells.
Aiming: Freeze
Press: ? - help, Shift-Dir - straight line, f/p - SuperBee's ghost
Aim: SuperBee's ghost (heavily damaged)
You freeze SuperBee's ghost.
SuperBee's ghost is severely damaged.
SuperBee's ghost wails, "You must not succeed where I failed!"
SuperBee's ghost hits you but does no damage.
Casting: Freeze
Confirm with . or Enter, or press ? or * to list all spells.
Aiming: Freeze
Press: ? - help, Shift-Dir - straight line, f/p - SuperBee's ghost
Aim: SuperBee's ghost (severely damaged)
You freeze SuperBee's ghost.
SuperBee's ghost is almost destroyed.
SuperBee's ghost hits you.
You die...

..... ... ##. ... ...#
#.# ##..# #.# #
#....######.####
#.#.#............#####.
.. ...###.##.#........
#.##.###.##@#..######
#### #......#.##W#..#
...######.#.........#
.#
.......##.###.#...#.#
### .#
..#.................#
#.. .#
....##.#.######...###
#.#####.# ._..##.#.#
#...# ##.#.....##
....#..#.# #...#
#.........# ..#.#.##.#
#...# #.........#


You could see SuperBee's ghost.

Vanquished Creatures
  Jessica (D:2)
  3 adders (D:3)
  An ooze (D:2)
  A worm (D:2)
  2 giant geckos
  An orc (D:3)
  6 bats
  5 giant cockroaches
  8 hobgoblins
  4 jackals (D:1)
  3 kobolds
  2 quokkas (D:2)
  A giant newt (D:3)
  4 goblins
  2 rats
44 creatures vanquished.

Notes
Turn   | Place    | Note
--------------------------------------------------------------
     0 | D:1      | Ace the Deep Elf Ice Elementalist began the quest for the Orb.
     0 | D:1      | Reached XP level 1. HP: 10/10 MP: 6/6
   232 | D:1      | Reached XP level 2. HP: 7/15 MP: 2/8
   803 | D:1      | Reached skill level 4 in Ice Magic
   887 | D:1      | Learned a level 2 spell: Throw Frost
  1253 | D:2      | Reached XP level 3. HP: 17/19 MP: 5/10
  1341 | D:2      | Found a faded altar to an unknown god.
  1547 | D:2      | Noticed Jessica
  1557 | D:2      | Killed Jessica
  1813 | D:2      | Reached XP level 4. HP: 22/24 MP: 9/11
  1897 | D:3      | Learned a level 4 spell: Throw Icicle
  2398 | D:3      | Found an iron altar of Okawaru.
  2405 | D:3      | Found a sacrificial altar of Ru.
  2405 | D:3      | Found a deep blue altar of Sif Muna.
  2501 | D:3      | Became a worshipper of Sif Muna the Loreminder
  2524 | D:3      | Noticed SuperBee's ghost (amateur HaAs)
  2545 | D:3      | Slain by SuperBee's ghost

Vault maps used:
D:1:      dpeg_arrival_chase
D:2:      ecumenical_altar_2, kennysheep_jessica_study
D:3:      grunt_temple_overflow_open, first_bread, uniq_jessica

Action                   |  1- 3 |  4- 6 || total
-------------------------+-------+-------++-------
Melee: Unarmed           |     6 |       ||     6
 Cast: Freeze            |    46 |    30 ||    76
       Throw Frost       |       |    11 ||    11
  Eat: Chunk             |     3 |     2 ||     5
